 Dungeon Crawl Stone Soup version 0.29.1-12-g30fa7ad0bf (webtiles) character file.

Game seed: 18069800088750412723

47 hawla the Chiller (level 4, -6/33 HPs)
             Began as a Meteoran Ice Elementalist on Dec 13, 2022.
             Mangled by a gnoll
             ... wielding a +2 flail of protection
             ... led by a gnoll sergeant
              (9 damage)
             ... on level 4 of the Dungeon.
             The game lasted 00:02:05 (436 turns).

hawla the Chiller (Meteoran Ice Elementalist)        Turns: 436, Time: 00:02:05

Health: -6/33      AC:  2    Str:  8 (9)  XL:     4   Next: 17%
Magic:  5/9        EV: 12    Int: 17 (18) God:
Gold:   17         SH:  0    Dex: 13 (15) Spells: 1/9 levels left

rFire   . . .      SeeInvis .   (no weapon)
rCold   . . .      Faith    .   (no shield)
rNeg    . . .      Spirit   .   a - +0 robe
rPois   .          Reflect  .   (no helmet)
rElec   .          Harm     .   (no cloak)
rCorr   .          Rampage  .   (no gloves)
Will    .....                   (no boots)
Stlth   +.........              (no amulet)
HPRegen 0.11/turn               (no ring)
MPRegen 0.11/turn               (no ring)

@: freezing walls, glowing
A: sense surroundings 1, otherworldly, glowing, explore regen
a: no special abilities


You were on level 4 of the Dungeon.
You visited 1 branch of the dungeon, and saw 4 of its levels.

You collected 17 gold pieces.

Inventory:

Armour
 a - a +0 robe (worn)
Scrolls
 d - 2 scrolls of identify
Potions
 b - a potion of magic


   Skills:
 - Level 0.2 Fighting
 - Level 2.6 Dodging
 - Level 1.4 Stealth
 - Level 3.2 Spellcasting
 - Level 5.4 Ice Magic


You had one spell level left.
You knew the following spells:

 Your Spells              Type           Power      Damage    Failure   Level
a - Freeze                Ice            84%        1d10      1%          1
b - Frozen Ramparts       Ice            42%        1d7       5%          3
c - Hailstorm             Conj/Ice       12%        3d5       50%         4

Your spell library contained the following spells:

 Spells                   Type           Power      Damage    Failure   Level
 Ozocubu's Armour         Ice            21%        N/A       5%          3


Dungeon Overview and Level Annotations

Branches:
Dungeon (4/15) Zot: 1963
 Temple: D:4-7

Altars:


Innate Abilities, Weirdness & Mutations

You passively map a small area around you.
You are easily found by Zot.
You glow in the dark.
You regain HP and MP as you explore.


Message History

A gnoll comes into view. It is wielding a +0 spear.
Things that are here:
a +0 whip; a +0 flail; a gnoll corpse
Found 3 stones.
The gnoll misses you.
The gnoll throws a throwing net.
The throwing net hits you.
You become entangled in the net!
You see here a throwing net.
You struggle against the net.
The gnoll hits you from afar with a +0 spear.
You tear a large gash into the net.
The gnoll barely misses you.
You rip the net and break free!
The gnoll closely misses you. The gnoll misses you.
The gnoll hits you from afar with a +0 spear.
The gnoll attacks as you move away!
The gnoll hits you with a +2 flail of protection!
The gnoll attacks as you move away! The gnoll closely misses you.
Casting: Freeze (safe; 1% risk of failure)
Confirm with . or Enter, or press ? or * to list all spells.
Casting: Frozen Ramparts (dangerous; 4% risk of failure)
Press: ? - help, Dir - look around, f - activate The walls around you are covered in ice.
The wall freezes the gnoll but does no damage.
The gnoll hits you with a +2 flail of protection!
* * * LOW HITPOINT WARNING * * *
The wall freezes the gnoll but does no damage.
The gnoll hits you from afar with a +0 spear.
* * * LOW HITPOINT WARNING * * *
The wall freezes the gnoll. x2
It was a potion of degeneration.
There was something very wrong with that liquid.
You feel weakened.
You feel dopey.
You feel clumsy.
The wall freezes the gnoll but does no damage.
The gnoll hits you with a +2 flail of protection.
* * * LOW HITPOINT WARNING * * *
The wall freezes the gnoll.
The gnoll barely misses you.
The wall freezes the gnoll!
The wall freezes the gnoll.
The wall freezes the gnoll but does no damage.
The wall freezes the gnoll.
The gnoll hits you with a +2 flail of protection!
You die...

...#.....#######*
, ...(.....+ , ,
, #.##..B.#* *,
+....# *, * , ,
*#....# *,
#.##.ggg#
#....gg## * , ,
######g# ,, #@# *
#.#, *, #.# **,
,..# , ### * , ,
, * * * * , * ,


You could see 6 gnolls and a giant cockroach.

Vanquished Creatures
  2 gnolls (D:4)
  2 adders (D:3)
  2 giant cockroaches
  3 goblins
  3 ball pythons
  A bat (D:1)
13 creatures vanquished.

Notes
Turn   | Place    | Note
-------+----------+-------------------------------------------
     0 | D:1      | hawla the Meteoran Ice Elementalist began the quest for the
                  | Orb.
     0 | D:1      | Reached XP level 1. HP: 14/14 MP: 5/5
   125 | D:3      | Reached XP level 2. HP: 20/20 MP: 4/6
   234 | D:3      | Reached skill level 5 in Ice Magic
   240 | D:3      | HP: 1/20 [poisoned by an adder]
   242 | D:4      | Noticed a gnoll sergeant
   270 | D:3      | Reached XP level 3. HP: 14/26 MP: 8/8
   282 | D:3      | Learned a level 3 spell: Frozen Ramparts
   404 | D:4      | Reached XP level 4. HP: 33/33 MP: 1/9
   409 | D:4      | Learned a level 4 spell: Hailstorm
   436 | D:4      | Mangled by a gnoll

Illustrated notes

Levels and vault maps discovered:
D:1:      dpeg_arrival_orchard, layout_basic, ebering_ecumenical_altar_hall,
          serial_shops, shop, chequers_serial_rivers_small_3
D:2:      layout_loops_ring, item_on_display_a
D:3:      layout_loops_corners, marbit_many_paths
D:4:      layout_basic, minmay_temple_entry_stoned_glass,
          chequers_serial_rivers_micro_c

Skill      XL: |  1  2  3 |
---------------+----------+-----
Ice Magic      | 5 |  5.4
Spellcasting   | 3 |  3.2
Fighting       | |  0.2
Dodging        | |  2.6
Stealth        | |  1.4

Action                   |  1- 3 |  4- 6 || total
-------------------------+-------+-------++-------
Melee: Unarmed           |     2 |       ||     2
 Cast: Freeze            |    18 |       ||    18
       Frozen Ramparts   |     3 |     1 ||     4
  Use: Scroll            |     1 |       ||     1
       Potion            |       |     1 ||     1
Armor: Robe              |     1 |       ||     1
Dodge: Dodged            |     4 |     6 ||    10
